Thunder vs Wolfes
Created - January 12, 2021 at 20:09
Goals
|
| Thunder |
0 |
0 |
0 |
0 |
| Wolfes |
2 |
1 |
2 |
5 |
|
Shots
|
| Thunder |
7 |
6 |
3 |
16 |
| Wolfes |
14 |
9 |
8 |
31 |
|
1st period
1. Wolfes , Martin Hanzal 16 (Alexandre Grenier 25, Blake Pietila 32) at 3:40 (PP)
2. Wolfes , Martin Hanzal 17 (Blake Pietila 33) at 16:57
Penalties :
Brayden Point (TRO) for Holding (Minor) at 3:03, Gianluca Curcuruto (TRO) for Tripping (Minor) at 4:34
2nd period
3. Wolfes , Blake Pietila 22 (Jeffrey Foss 16, Alexandre Grenier 26) at 18:26 (PP)
Penalties :
Martin Hanzal (RIM) for Boarding (Minor) at 3:31, Emil Johansson (TRO) for Unsportsmanlike conduct (Major / Game Misconduct) at 12:05, Trevor Lewis (TRO) for Hooking (Minor) at 18:20
3rd period
4. Wolfes , Max Friberg 25 (Damon Severson 19, Blake Pietila 34) at 0:51 (PP)
5. Wolfes , Joe Morrow 4 (Sebastian Aho 30, Max Friberg 18) at 1:35 (PP)
Penalties :
William Karlsson (TRO) for Roughing (Double Minor) at 0:22, Mackenze Stewart (TRO) for Hooking (Minor) at 7:26, Trevor Lewis (TRO) for Hooking (Minor) at 17:13
Goalie Stats
Sergei Kostenko (TRO), 26 saves from 31 shots - (0.839), L, 4-8-0, 60:00 minutes
Laurent Brossoit (RIM), 16 saves from 16 shots - (1.000), W, 17-9-2, 60:00 minutes
Players Stats for Thunder
Player Name G A P +/- PIM S H SB GA TA FO MP PP MP PK MP
------------------------------------------------------------------------------------
Angelo Esposito 0 0 0 0 0 0 1 0 0 0 3/8 9:07 0:00 0:00
Artturi Lehkonen 0 0 0 0 0 0 1 0 0 0 0/0 10:39 0:00 0:00
Artur Gavrus 0 0 0 0 0 0 0 0 0 0 0/0 0:00 0:00 0:00
Austin Poganski 0 0 0 -1 0 3 2 0 0 0 0/0 15:30 0:42 0:00
Brayden Point 0 0 0 -1 2 0 3 0 0 0 3/7 19:20 0:42 3:24
Colby Cave 0 0 0 0 0 0 0 0 0 0 0/0 0:00 0:00 0:00
Colton Sceviour 0 0 0 0 0 1 1 0 0 0 1/1 10:52 1:17 0:00
Dany Roussin 0 0 0 0 0 2 1 1 4 0 0/0 25:34 1:17 6:32
Emil Johansson 0 0 0 0 15 1 0 0 0 0 0/0 10:17 0:39 1:04
Gianluca Curcuruto 0 0 0 0 2 0 1 1 0 2 0/0 20:23 0:39 4:04
Jakob Lilja 0 0 0 0 0 0 0 0 0 0 0/0 3:33 0:00 2:36
Jamie McGinn 0 0 0 -1 0 2 2 0 0 0 0/0 15:30 0:42 0:00
Jarrod Maidens 0 0 0 0 0 0 0 0 0 0 0/0 0:00 0:00 0:00
Jesper Pettersson 0 0 0 0 0 0 0 2 0 2 0/0 14:49 0:00 0:26
Mackenze Stewart 0 0 0 0 2 0 0 0 0 0 0/0 7:25 0:00 1:39
Mikko Vainonen 0 0 0 -1 0 2 3 1 0 0 0/0 24:52 1:20 6:55
Nikolay Prokhorkin 0 0 0 0 0 1 1 0 0 0 0/0 9:17 0:00 0:10
Roman Josi 0 0 0 -1 0 0 0 3 0 3 0/0 27:07 1:20 6:56
Ryan Graves 0 0 0 0 0 0 0 2 0 1 0/0 15:06 0:00 4:40
Trevor Lewis 0 0 0 0 4 0 2 0 0 0 2/7 13:41 0:00 2:35
Vincent Dunn 0 0 0 0 0 0 0 0 0 0 0/2 4:21 0:00 3:52
William Karlsson 0 0 0 0 4 4 3 0 0 1 18/28 24:54 1:17 5:10
Zach Stepan 0 0 0 0 0 0 0 0 0 0 0/0 4:44 0:00 1:25
Players Stats for Wolfes
Player Name G A P +/- PIM S H SB GA TA FO MP PP MP PK MP
------------------------------------------------------------------------------------
Alexandre Grenier 0 2 2 0 0 2 0 1 1 0 0/0 21:03 6:36 1:25
Anton Karlsson 0 0 0 0 0 2 3 1 0 0 0/3 10:17 0:00 1:06
Anton Lindholm 0 0 0 0 0 0 3 3 0 1 0/0 21:54 4:54 1:25
Benn Ferriero 0 0 0 0 0 0 2 0 1 0 0/0 10:38 0:48 0:00
Blake Pietila 1 3 4 1 0 5 1 0 1 0 0/0 19:03 6:35 0:00
Damon Severson 0 1 1 0 0 1 1 1 1 0 0/0 22:58 6:41 1:25
Eric Robinson 0 0 0 0 0 1 1 0 0 1 1/1 11:00 0:43 0:00
Jakub Zboril 0 0 0 0 0 1 1 0 0 0 0/0 16:57 1:17 0:00
Jeffrey Foss 0 1 1 0 0 0 4 0 0 0 0/0 22:27 7:08 0:34
Joe Morrow 1 0 1 1 0 1 1 0 0 1 0/0 20:05 4:54 0:34
Kyle Rau 0 0 0 0 0 1 1 0 0 0 3/5 9:54 0:26 0:16
Lawson Crouse 0 0 0 0 0 2 3 3 0 1 0/2 17:51 4:44 0:34
Louis Belpedio 0 0 0 1 0 0 1 0 0 0 0/0 15:39 0:50 0:00
Martin Hanzal 2 0 2 1 2 7 3 0 0 0 14/21 19:33 6:36 0:00
Matthew Highmore 0 0 0 0 0 0 2 0 0 0 2/2 9:48 0:00 0:00
Max Friberg 1 1 2 1 0 2 2 1 0 0 1/1 17:23 4:54 0:00
Sebastian Aho 0 1 1 0 0 4 1 1 1 0 5/17 18:04 4:54 0:37
Thomas Spelling 0 0 0 0 0 0 0 0 0 0 0/0 1:47 1:08 0:00
Victor Olofsson 0 0 0 0 0 2 1 0 4 0 0/1 11:39 1:12 0:00
3 Stars
1 - Blake Pietila (RIM)
2 - Martin Hanzal (RIM)
3 - Max Friberg (RIM)
Power Play
Thunder - 0 on 1 Attempt(s) - 0.00%
Wolfes - 4 on 8 Attempt(s) - 50.00%
Penalty Kill
Thunder - 4 on 8 Attempt(s) - 50.00%
- Score 0 goal in Penalty Kill
Wolfes - 1 on 1 Attempt(s) - 100.00%
- Score 0 goal in Penalty Kill
Team Stat
Thunder - Hits : 21 - Faceoff Wins : 27 - Blocked Shots : 10 - Penalty Minutes : 29
Wolfes - Hits : 31 - Faceoff Wins : 26 - Blocked Shots : 11 - Penalty Minutes : 2
Official
Referees : Unknown
Linesman : Unknown
Game Notes
Emil Johansson ejected from game at 12:05 of 2nd period
Finance
Level 1 -- Attendance: 1462 (73.10%) -- Ticket Income $58,480
Level 2 -- Attendance: 628 (62.80%) -- Ticket Income $12,560
Total Attendance: 2090 (69.67%)
Total Ticket Income: $71,040
Other Income: $3,552
Total Income: $74,592
Thunder
5 vs 5 Forward
Center Left Wing Right Wing Time % Phy DF OF
1 William Karlsson Dany Roussin Colton Sceviour 40 1 2 2
2 Brayden Point Jamie McGinn Austin Poganski 30 1 2 2
3 Trevor Lewis Artturi Lehkonen William Karlsson 20 1 2 2
4 Angelo Esposito Nikolay Prokhorkin Dany Roussin 10 1 2 2
5 vs 5 Defense
Defense Defense Time % Phy DF OF
1 Roman Josi Mikko Vainonen 40 1 2 2
2 Gianluca Curcuruto Emil Johansson 30 1 2 2
3 Jesper Pettersson Ryan Graves 20 1 2 2
4 Mackenze Stewart Roman Josi 10 1 2 2
PowerPlay Forward
Center Left Wing Right Wing Time % Phy DF OF
1 William Karlsson Dany Roussin Colton Sceviour 60 1 2 2
2 Brayden Point Jamie McGinn Austin Poganski 40 1 2 2
PowerPlay Defense
Defense Defense Time % Phy DF OF
1 Roman Josi Mikko Vainonen 60 1 2 2
2 Gianluca Curcuruto Emil Johansson 40 1 2 2
Penalty Kill 4 Players Forward
Center Wing Time % Phy DF OF
1 William Karlsson Dany Roussin 60 1 2 2
2 Brayden Point Trevor Lewis 40 1 2 2
Penalty Kill 4 Players Defense
Defense Defense Time % Phy DF OF
1 Roman Josi Mikko Vainonen 60 1 2 2
2 Gianluca Curcuruto Emil Johansson 40 1 2 2
Penalty Kill - 3 Players Forward
Forward Time % Phy DF OF
1 William Karlsson 60 1 2 2
2 Dany Roussin 40 1 2 2
Penalty Kill - 3 Players Defense
Defense Defense Time % Phy DF OF
1 Roman Josi Mikko Vainonen 60 1 2 2
2 Gianluca Curcuruto Emil Johansson 40 1 2 2
4 vs 4 Forward
Center Wing Time % Phy DF OF
1 William Karlsson Dany Roussin 60 1 2 2
2 Brayden Point Trevor Lewis 40 1 2 2
4 vs 4 Defense
Defense Defense Time % Phy DF OF
1 Roman Josi Mikko Vainonen 60 1 2 2
2 Gianluca Curcuruto Emil Johansson 40 1 2 2
Last Minutes Offensive
Center Left Wing Right Wing Defense Defense
William Karlsson Dany Roussin Colton Sceviour Roman Josi Mikko Vainonen
Last Minutes Defensive
Center Left Wing Right Wing Defense Defense
William Karlsson Dany Roussin Colton Sceviour Roman Josi Mikko Vainonen
Goaltenders
Starting : Sergei Kostenko
Backup : Niklas Treutle
Extra Forwards
Normal : Zach Stepan, Jakob Lilja, Vincent Dunn - PP : Zach Stepan, Jakob Lilja - PK : Vincent Dunn
Extra Defensemen
Normal : Jesper Pettersson, Ryan Graves, Mackenze Stewart - PP : Jesper Pettersson - PK : Ryan Graves, Mackenze Stewart
Penalty Shots
William Karlsson, Dany Roussin, Brayden Point, Trevor Lewis, Jamie McGinn
Scratches
None
Wolfes
5 vs 5 Forward
Center Left Wing Right Wing Time % Phy DF OF
1 Martin Hanzal Blake Pietila Max Friberg 35 1 2 2
2 Sebastian Aho Lawson Crouse Alexandre Grenier 35 1 2 2
3 Kyle Rau Anton Karlsson Benn Ferriero 15 1 2 2
4 Matthew Highmore Eric Robinson Victor Olofsson 15 1 2 2
5 vs 5 Defense
Defense Defense Time % Phy DF OF
1 Anton Lindholm Damon Severson 36 1 2 2
2 Jakub Zboril Jeffrey Foss 34 1 2 2
3 Joe Morrow Louis Belpedio 30 1 2 2
4 Joe Morrow Anton Lindholm 0 1 2 2
PowerPlay Forward
Center Left Wing Right Wing Time % Phy DF OF
1 Martin Hanzal Blake Pietila Alexandre Grenier 60 1 2 2
2 Sebastian Aho Lawson Crouse Max Friberg 40 1 2 2
PowerPlay Defense
Defense Defense Time % Phy DF OF
1 Jeffrey Foss Damon Severson 60 1 2 2
2 Anton Lindholm Joe Morrow 40 1 2 2
Penalty Kill 4 Players Forward
Center Wing Time % Phy DF OF
1 Martin Hanzal Alexandre Grenier 60 1 2 2
2 Blake Pietila Max Friberg 40 1 2 2
Penalty Kill 4 Players Defense
Defense Defense Time % Phy DF OF
1 Anton Lindholm Damon Severson 60 1 2 2
2 Joe Morrow Jeffrey Foss 40 1 2 2
Penalty Kill - 3 Players Forward
Forward Time % Phy DF OF
1 Martin Hanzal 60 1 2 2
2 Alexandre Grenier 40 1 2 2
Penalty Kill - 3 Players Defense
Defense Defense Time % Phy DF OF
1 Anton Lindholm Damon Severson 60 1 2 2
2 Joe Morrow Jeffrey Foss 40 1 2 2
4 vs 4 Forward
Center Wing Time % Phy DF OF
1 Martin Hanzal Alexandre Grenier 60 1 2 2
2 Blake Pietila Max Friberg 40 1 2 2
4 vs 4 Defense
Defense Defense Time % Phy DF OF
1 Damon Severson Louis Belpedio 60 1 2 2
2 Jeffrey Foss Jakub Zboril 40 1 2 2
Last Minutes Offensive
Center Left Wing Right Wing Defense Defense
Martin Hanzal Blake Pietila Alexandre Grenier Anton Lindholm Damon Severson
Last Minutes Defensive
Center Left Wing Right Wing Defense Defense
Martin Hanzal Blake Pietila Alexandre Grenier Joe Morrow Damon Severson
Goaltenders
Starting : Laurent Brossoit
Backup : Ebbe Siönäs
Extra Forwards
Normal : Victor Olofsson, Thomas Spelling, Anton Karlsson - PP : Victor Olofsson, Thomas Spelling - PK : Anton Karlsson
Extra Defensemen
Normal : Joe Morrow, Anton Lindholm, Jakub Zboril - PP : Joe Morrow - PK : Anton Lindholm, Louis Belpedio
Penalty Shots
Martin Hanzal, Alexandre Grenier, Blake Pietila, Max Friberg, Kyle Rau
Scratches
Jamie Oleksiak (Healthy), Kevin Stenlund (Healthy), Zachary Senyshyn (Healthy), Cameron Darcy (Healthy), Fredrik Olofsson (Healthy)
Michael Stone (Right Ankle Injury), Nolan Vesey (Healthy), Vaclav Karabacek (Healthy), Kyle Pettit (Healthy), Dylan Sadowy (Healthy)
% Time on Ice - Thunder
Lines # - Real PCT - Wanted PCT - Time Play
Normal Forward
1 - 22% - 40% - 10:06
2 - 34% - 30% - 15:17
3 - 24% - 20% - 10:39
4 - 20% - 10% - 9:07
Normal Defense
1 - 35% - 40% - 15:48
2 - 37% - 30% - 16:53
3 - 21% - 20% - 9:25
4 - 7% - 10% - 3:03
PP Forward
1 - 65% - 60% - 1:17
2 - 35% - 40% - 0:42
PP Defense
1 - 67% - 60% - 1:20
2 - 33% - 40% - 0:39
PK Forward
1 - 73% - 60% - 9:25
2 - 27% - 40% - 3:27
PK Defense
1 - 53% - 60% - 6:49
2 - 47% - 40% - 6:03
PK3 Forward
1 - 0% - 60%
2 - 0% - 40%
PK3 Defense
1 - 0% - 60%
2 - 0% - 40%
44 Forward
1 - 0% - 60%
2 - 0% - 40%
44 Defense
1 - 0% - 60%
2 - 0% - 40%
Last Minute Offensive - 0:00
Last Minute Defensive - 0:00
Total
Forward - 60:00
Defense - 60:00
|
% Time on Ice - Wolfes
Lines # - Real PCT - Wanted PCT - Time Play
Normal Forward
1 - 30% - 35% - 13:37
2 - 28% - 35% - 12:33
3 - 20% - 15% - 9:11
4 - 22% - 15% - 9:48
Normal Defense
1 - 34% - 36% - 15:09
2 - 35% - 34% - 15:38
3 - 32% - 30% - 14:22
4 - 0% - 0% - 0:00
PP Forward
1 - 62% - 60% - 7:58
2 - 38% - 40% - 4:54
PP Defense
1 - 55% - 60% - 7:08
2 - 45% - 40% - 5:44
PK Forward
1 - 100% - 60% - 1:59
2 - 0% - 40% - 0:00
PK Defense
1 - 71% - 60% - 1:25
2 - 29% - 40% - 0:34
PK3 Forward
1 - 0% - 60%
2 - 0% - 40%
PK3 Defense
1 - 0% - 60%
2 - 0% - 40%
44 Forward
1 - 0% - 60%
2 - 0% - 40%
44 Defense
1 - 0% - 60%
2 - 0% - 40%
Last Minute Offensive - 0:00
Last Minute Defensive - 0:00
Total
Forward - 60:00
Defense - 60:00
|
Play-by-Play
1st period
0:01 of 1st period - Martin Hanzal wins face-off versus William Karlsson in neutral zone.
0:23 of 1st period - Icing by Dany Roussin.
0:24 of 1st period - William Karlsson wins face-off versus Lawson Crouse in Thunder zone.
0:38 of 1st period - Off-side.
0:39 of 1st period - Kyle Rau wins face-off versus Trevor Lewis in neutral zone.
0:48 of 1st period - Wrist shot by Kyle Rau.
0:48 of 1st period - Shot Misses the Net.
0:50 of 1st period - Wrist shot by Anton Karlsson.
0:50 of 1st period - Stopped by Sergei Kostenko with a rebound.
1:04 of 1st period - Joe Morrow is hit by Gianluca Curcuruto and loses puck.
1:15 of 1st period - Snap shot by Nikolay Prokhorkin.
1:15 of 1st period - Shot Misses the Net.
1:49 of 1st period - Wrist shot by Martin Hanzal.
1:49 of 1st period - Stopped by Sergei Kostenko with a rebound.
1:51 of 1st period - Snap shot by Max Friberg.
1:51 of 1st period - Shot Misses the Net.
2:27 of 1st period - Slapshot by Victor Olofsson.
2:27 of 1st period - Shot Misses the Net.
3:03 of 1st period - Minor Penalty to Brayden Point for Holding.
3:04 of 1st period - William Karlsson wins face-off versus Martin Hanzal in Thunder zone.
3:08 of 1st period - Alexandre Grenier is hit by Dany Roussin and loses puck.
3:16 of 1st period - Icing by Jeffrey Foss.
3:17 of 1st period - Martin Hanzal wins face-off versus William Karlsson in Wolfes zone.
3:40 of 1st period - Snap shot by Martin Hanzal.
3:40 of 1st period - Goal by Martin Hanzal - Thunder : 0 - Wolfes : 1.
3:41 of 1st period - William Karlsson wins face-off versus Sebastian Aho in neutral zone.
3:48 of 1st period - Roman Josi is hit by Anton Lindholm and loses puck.
4:08 of 1st period - Austin Poganski is hit by Martin Hanzal and loses puck.
4:34 of 1st period - Minor Penalty to Gianluca Curcuruto for Tripping.
4:35 of 1st period - William Karlsson wins face-off versus Martin Hanzal in Thunder zone.
4:39 of 1st period - Slapshot by Roman Josi.
4:39 of 1st period - Shot Misses the Net.
4:41 of 1st period - Snap shot by Mikko Vainonen.
4:41 of 1st period - Stopped by Laurent Brossoit with a rebound.
5:44 of 1st period - Blake Pietila is hit by Trevor Lewis and loses puck.
6:34 of 1st period - Penalty to Gianluca Curcuruto is over, Gianluca Curcuruto is back on ice.
7:14 of 1st period - Trevor Lewis is hit by Kyle Rau and loses puck.
7:28 of 1st period - Icing by Brayden Point.
7:29 of 1st period - Eric Robinson wins face-off versus Brayden Point in Thunder zone.
7:34 of 1st period - Slapshot by Damon Severson.
7:34 of 1st period - Deflect By Roman Josi.
7:34 of 1st period - Stopped by Sergei Kostenko without a rebound.
7:35 of 1st period - Sebastian Aho wins face-off versus Angelo Esposito in Thunder zone.
7:45 of 1st period - Off-side.
7:46 of 1st period - William Karlsson wins face-off versus Sebastian Aho in neutral zone.
7:52 of 1st period - Off-side.
7:53 of 1st period - Sebastian Aho wins face-off versus William Karlsson in neutral zone.
7:55 of 1st period - Off-side.
7:56 of 1st period - William Karlsson wins face-off versus Sebastian Aho in neutral zone.
8:01 of 1st period - Slapshot by Roman Josi.
8:01 of 1st period - Shot Misses the Net.
8:03 of 1st period - Slapshot by Dany Roussin.
8:03 of 1st period - Deflect By Lawson Crouse.
8:03 of 1st period - Stopped by Laurent Brossoit without a rebound.
8:04 of 1st period - Martin Hanzal wins face-off versus William Karlsson in Wolfes zone.
8:16 of 1st period - Mikko Vainonen is hit by Blake Pietila and loses puck.
8:52 of 1st period - Benn Ferriero is hit by Trevor Lewis and loses puck.
9:09 of 1st period - Snap shot by Victor Olofsson.
9:09 of 1st period - Stopped by Sergei Kostenko without a rebound.
9:10 of 1st period - Matthew Highmore wins face-off versus Angelo Esposito in Thunder zone.
9:11 of 1st period - Wrist shot by Victor Olofsson.
9:11 of 1st period - Shot Blocked by Ryan Graves.
9:13 of 1st period - Snap shot by Jakub Zboril.
9:13 of 1st period - Stopped by Sergei Kostenko without a rebound.
9:14 of 1st period - Martin Hanzal wins face-off versus William Karlsson in Thunder zone.
9:51 of 1st period - Wrist shot by Brayden Point.
9:51 of 1st period - Shot Misses the Net.
10:16 of 1st period - Dany Roussin is hit by Jeffrey Foss and loses puck.
10:58 of 1st period - Brayden Point is hit by Lawson Crouse and loses puck.
11:19 of 1st period - Slapshot by Victor Olofsson.
11:19 of 1st period - Shot Hit the Post.
11:44 of 1st period - Wrist shot by Benn Ferriero.
11:44 of 1st period - Shot Blocked by Jesper Pettersson.
11:46 of 1st period - Wrist shot by Kyle Rau.
11:46 of 1st period - Shot Misses the Net.
12:26 of 1st period - Sebastian Aho is hit by Austin Poganski and loses puck.
12:31 of 1st period - Snap shot by Roman Josi.
12:31 of 1st period - Shot Misses the Net.
12:33 of 1st period - Slapshot by Brayden Point.
12:33 of 1st period - Shot Blocked by Lawson Crouse.
13:33 of 1st period - Slapshot by Blake Pietila.
13:33 of 1st period - Shot Misses the Net.
13:35 of 1st period - Snap shot by Blake Pietila.
13:35 of 1st period - Stopped by Sergei Kostenko with a rebound.
14:17 of 1st period - Wrist shot by Martin Hanzal.
14:17 of 1st period - Shot Blocked by Roman Josi.
15:34 of 1st period - Wrist shot by Martin Hanzal.
15:34 of 1st period - Stopped by Sergei Kostenko with a rebound.
15:36 of 1st period - Slapshot by Anton Lindholm.
15:36 of 1st period - Shot Blocked by Roman Josi.
15:38 of 1st period - Snap shot by Lawson Crouse.
15:38 of 1st period - Stopped by Sergei Kostenko without a rebound.
15:39 of 1st period - Martin Hanzal wins face-off versus Trevor Lewis in Thunder zone.
15:46 of 1st period - Wrist shot by Blake Pietila.
15:46 of 1st period - Shot Misses the Net.
16:22 of 1st period - Off-side.
16:23 of 1st period - Kyle Rau wins face-off versus Angelo Esposito in neutral zone.
16:48 of 1st period - Roman Josi is hit by Martin Hanzal and loses puck.
16:57 of 1st period - Wrist shot by Martin Hanzal.
16:57 of 1st period - Goal by Martin Hanzal - Thunder : 0 - Wolfes : 2.
16:58 of 1st period - William Karlsson wins face-off versus Sebastian Aho in neutral zone.
17:13 of 1st period - Snap shot by Sebastian Aho.
17:13 of 1st period - Stopped by Sergei Kostenko with a rebound.
17:23 of 1st period - William Karlsson is hit by Jakub Zboril.
18:29 of 1st period - Benn Ferriero is hit by Jamie McGinn and loses puck.
18:38 of 1st period - Wrist shot by Austin Poganski.
18:38 of 1st period - Stopped by Laurent Brossoit with a rebound.
18:40 of 1st period - Snap shot by Austin Poganski.
18:40 of 1st period - Stopped by Laurent Brossoit with a rebound.
18:42 of 1st period - Snap shot by Emil Johansson.
18:42 of 1st period - Stopped by Laurent Brossoit with a rebound.
18:44 of 1st period - Wrist shot by Austin Poganski.
18:44 of 1st period - Stopped by Laurent Brossoit with a rebound.
18:50 of 1st period - Snap shot by Jamie McGinn.
18:50 of 1st period - Stopped by Laurent Brossoit without a rebound.
18:51 of 1st period - Sebastian Aho wins face-off versus Trevor Lewis in Wolfes zone.
19:00 of 1st period - Wrist shot by Alexandre Grenier.
19:00 of 1st period - Shot Blocked by Roman Josi.
19:02 of 1st period - Snap shot by Sebastian Aho.
19:02 of 1st period - Stopped by Sergei Kostenko with a rebound.
19:04 of 1st period - Wrist shot by Alexandre Grenier.
19:04 of 1st period - Deflect By Lawson Crouse.
19:04 of 1st period - Shot Hit the Post.
19:04 of 1st period - Puck is out of play.
19:05 of 1st period - William Karlsson wins face-off versus Martin Hanzal in Thunder zone.
19:12 of 1st period - Slapshot by Roman Josi.
19:12 of 1st period - Shot Misses the Net.
19:18 of 1st period - Snap shot by Blake Pietila.
19:18 of 1st period - Stopped by Sergei Kostenko with a rebound.
19:20 of 1st period - Slapshot by Jeffrey Foss.
19:20 of 1st period - Deflect By Martin Hanzal.
19:20 of 1st period - Stopped by Sergei Kostenko without a rebound.
19:21 of 1st period - Angelo Esposito wins face-off versus Sebastian Aho in Thunder zone.
Goals for this period are 0 for Thunder vs 2 for Wolfes.
Shots for this period are 7 for Thunder vs 14 for Wolfes.
2nd period
0:01 of 2nd period - William Karlsson wins face-off versus Sebastian Aho in neutral zone.
0:33 of 2nd period - Snap shot by Brayden Point.
0:33 of 2nd period - Shot Blocked by Max Friberg.
0:35 of 2nd period - Slapshot by Roman Josi.
0:35 of 2nd period - Deflect By Jamie McGinn.
0:35 of 2nd period - Shot Blocked by Anton Lindholm.
0:35 of 2nd period - Puck is out of play.
0:36 of 2nd period - William Karlsson wins face-off versus Lawson Crouse in Wolfes zone.
0:39 of 2nd period - Snap shot by Dany Roussin.
0:39 of 2nd period - Shot Blocked by Lawson Crouse.
0:41 of 2nd period - Slapshot by Gianluca Curcuruto.
0:41 of 2nd period - Shot Blocked by Lawson Crouse.
1:24 of 2nd period - Damon Severson is hit by William Karlsson and loses puck.
2:13 of 2nd period - Snap shot by Sebastian Aho.
2:13 of 2nd period - Stopped by Sergei Kostenko without a rebound.
2:14 of 2nd period - Max Friberg wins face-off versus Brayden Point in Thunder zone.
2:19 of 2nd period - Snap shot by Martin Hanzal.
2:19 of 2nd period - Stopped by Sergei Kostenko with a rebound.
2:27 of 2nd period - Wrist shot by Brayden Point.
2:27 of 2nd period - Shot Misses the Net.
3:16 of 2nd period - Jamie McGinn is hit by Jeffrey Foss and loses puck.
3:28 of 2nd period - Icing by Dany Roussin.
3:29 of 2nd period - Martin Hanzal wins face-off versus Angelo Esposito in Thunder zone.
3:31 of 2nd period - Minor Penalty to Martin Hanzal for Boarding.
3:32 of 2nd period - William Karlsson wins face-off versus Anton Karlsson in Wolfes zone.
3:46 of 2nd period - Slapshot by William Karlsson.
3:46 of 2nd period - Stopped by Laurent Brossoit without a rebound.
3:47 of 2nd period - Colton Sceviour wins face-off versus Anton Karlsson in Wolfes zone.
3:50 of 2nd period - Wrist shot by Dany Roussin.
3:50 of 2nd period - Shot Misses the Net.
3:52 of 2nd period - Wrist shot by Roman Josi.
3:52 of 2nd period - Shot Blocked by Anton Karlsson.
3:54 of 2nd period - Snap shot by William Karlsson.
3:54 of 2nd period - Shot Misses the Net.
3:56 of 2nd period - Slapshot by William Karlsson.
3:56 of 2nd period - Shot Misses the Net.
3:58 of 2nd period - Snap shot by Dany Roussin.
3:58 of 2nd period - Deflect By Colton Sceviour.
3:58 of 2nd period - Shot Misses the Net.
3:58 of 2nd period - Puck is out of play.
3:59 of 2nd period - William Karlsson wins face-off versus Anton Karlsson in Wolfes zone.
4:06 of 2nd period - Wrist shot by Dany Roussin.
4:06 of 2nd period - Stopped by Laurent Brossoit with a rebound.
4:08 of 2nd period - Wrist shot by Colton Sceviour.
4:08 of 2nd period - Shot Blocked by Damon Severson.
4:10 of 2nd period - Snap shot by Roman Josi.
4:10 of 2nd period - Shot Misses the Net.
4:12 of 2nd period - Snap shot by Colton Sceviour.
4:12 of 2nd period - Stopped by Laurent Brossoit with a rebound.
4:14 of 2nd period - Slapshot by Mikko Vainonen.
4:14 of 2nd period - Shot Misses the Net.
4:24 of 2nd period - Alexandre Grenier is hit by Jamie McGinn and loses puck.
4:33 of 2nd period - Snap shot by Brayden Point.
4:33 of 2nd period - Shot Blocked by Anton Lindholm.
5:31 of 2nd period - Penalty to Martin Hanzal is over, Martin Hanzal is back on ice.
5:39 of 2nd period - Martin Hanzal is hit by Mikko Vainonen and loses puck.
5:50 of 2nd period - Roman Josi is hit by Matthew Highmore and loses puck.
6:12 of 2nd period - Emil Johansson is hit by Jeffrey Foss and loses puck.
6:23 of 2nd period - Brayden Point is hit by Martin Hanzal and loses puck.
6:58 of 2nd period - Snap shot by Kyle Rau.
6:58 of 2nd period - Shot Blocked by Ryan Graves.
7:10 of 2nd period - Nikolay Prokhorkin is hit by Jeffrey Foss and loses puck.
7:51 of 2nd period - Slapshot by Benn Ferriero.
7:51 of 2nd period - Deflect By Anton Karlsson.
7:51 of 2nd period - Stopped by Sergei Kostenko without a rebound.
7:52 of 2nd period - Angelo Esposito wins face-off versus Kyle Rau in Thunder zone.
7:52 of 2nd period - Angelo Esposito is hit by Benn Ferriero.
8:01 of 2nd period - Roman Josi is hit by Anton Karlsson and loses puck.
8:06 of 2nd period - Wrist shot by Kyle Rau.
8:06 of 2nd period - Stopped by Sergei Kostenko with a rebound.
8:55 of 2nd period - Brayden Point is hit by Eric Robinson and loses puck.
9:48 of 2nd period - William Karlsson is hit by Max Friberg and loses puck.
9:55 of 2nd period - Wrist shot by Blake Pietila.
9:55 of 2nd period - Stopped by Sergei Kostenko with a rebound.
10:38 of 2nd period - Icing by Damon Severson.
10:39 of 2nd period - Trevor Lewis wins face-off versus Sebastian Aho in Wolfes zone.
11:04 of 2nd period - Snap shot by Max Friberg.
11:04 of 2nd period - Stopped by Sergei Kostenko with a rebound.
11:57 of 2nd period - Snap shot by Sebastian Aho.
11:57 of 2nd period - Shot Misses the Net.
11:59 of 2nd period - Slapshot by Jakub Zboril.
11:59 of 2nd period - Shot Blocked by Dany Roussin.
12:05 of 2nd period - Major / Game Misconduct Penalty to Emil Johansson for Unsportsmanlike conduct.
12:05 of 2nd period - Emil Johansson is ejected from game.
12:06 of 2nd period - Martin Hanzal wins face-off versus William Karlsson in Thunder zone.
12:44 of 2nd period - Snap shot by Trevor Lewis.
12:44 of 2nd period - Shot Blocked by Sebastian Aho.
15:38 of 2nd period - Jakub Zboril is hit by Brayden Point and loses puck.
17:03 of 2nd period - Icing by Alexandre Grenier.
17:04 of 2nd period - William Karlsson wins face-off versus Martin Hanzal in Wolfes zone.
17:05 of 2nd period - Penalty to Emil Johansson is over, Vincent Dunn is send on ice.
17:17 of 2nd period - Wrist shot by William Karlsson.
17:17 of 2nd period - Stopped by Laurent Brossoit with a rebound.
17:19 of 2nd period - Snap shot by Dany Roussin.
17:19 of 2nd period - Shot Blocked by Alexandre Grenier.
17:21 of 2nd period - Wrist shot by Dany Roussin.
17:21 of 2nd period - Shot Misses the Net.
17:23 of 2nd period - Wrist shot by William Karlsson.
17:23 of 2nd period - Shot Misses the Net.
17:33 of 2nd period - Wrist shot by William Karlsson.
17:33 of 2nd period - Stopped by Laurent Brossoit without a rebound.
17:34 of 2nd period - Brayden Point wins face-off versus Kyle Rau in Wolfes zone.
17:37 of 2nd period - Slapshot by Jamie McGinn.
17:37 of 2nd period - Stopped by Laurent Brossoit without a rebound.
17:38 of 2nd period - Kyle Rau wins face-off versus Brayden Point in Wolfes zone.
17:38 of 2nd period - Kyle Rau is hit by Mikko Vainonen.
18:20 of 2nd period - Minor Penalty to Trevor Lewis for Hooking.
18:21 of 2nd period - Martin Hanzal wins face-off versus William Karlsson in Thunder zone.
18:22 of 2nd period - Slapshot by Alexandre Grenier.
18:22 of 2nd period - Stopped by Sergei Kostenko with a rebound.
18:24 of 2nd period - Snap shot by Alexandre Grenier.
18:24 of 2nd period - Shot Misses the Net.
18:26 of 2nd period - Slapshot by Jeffrey Foss.
18:26 of 2nd period - Deflect By Blake Pietila.
18:26 of 2nd period - Goal by Blake Pietila - Thunder : 0 - Wolfes : 3.
18:27 of 2nd period - William Karlsson wins face-off versus Sebastian Aho in neutral zone.
18:52 of 2nd period - Martin Hanzal is hit by Austin Poganski and loses puck.
19:46 of 2nd period - Off-side.
19:47 of 2nd period - Brayden Point wins face-off versus Sebastian Aho in neutral zone.
19:55 of 2nd period - Snap shot by Sebastian Aho.
19:55 of 2nd period - Shot Blocked by Gianluca Curcuruto.
19:57 of 2nd period - Snap shot by Lawson Crouse.
19:57 of 2nd period - Stopped by Sergei Kostenko without a rebound.
19:58 of 2nd period - William Karlsson wins face-off versus Sebastian Aho in Thunder zone.
Goals for this period are 0 for Thunder vs 1 for Wolfes.
Shots for this period are 6 for Thunder vs 9 for Wolfes.
3rd period
0:01 of 3rd period - Sebastian Aho wins face-off versus William Karlsson in neutral zone.
0:22 of 3rd period - Double Minor Penalty to William Karlsson for Roughing.
0:23 of 3rd period - Martin Hanzal wins face-off versus Vincent Dunn in Thunder zone.
0:51 of 3rd period - Backhand shot by Damon Severson.
0:51 of 3rd period - Deflect By Max Friberg.
0:51 of 3rd period - Goal by Max Friberg - Thunder : 0 - Wolfes : 4.
0:52 of 3rd period - Martin Hanzal wins face-off versus Vincent Dunn in neutral zone.
1:29 of 3rd period - Snap shot by Max Friberg.
1:29 of 3rd period - Shot Blocked by Mikko Vainonen.
1:31 of 3rd period - Snap shot by Sebastian Aho.
1:31 of 3rd period - Shot Misses the Net.
1:33 of 3rd period - Wrist shot by Sebastian Aho.
1:33 of 3rd period - Shot Misses the Net.
1:35 of 3rd period - Snap shot by Joe Morrow.
1:35 of 3rd period - Goal by Joe Morrow - Thunder : 0 - Wolfes : 5.
1:36 of 3rd period - Martin Hanzal wins face-off versus Brayden Point in neutral zone.
1:49 of 3rd period - Wrist shot by Blake Pietila.
1:49 of 3rd period - Stopped by Sergei Kostenko with a rebound.
2:01 of 3rd period - Sebastian Aho is hit by Colton Sceviour and loses puck.
2:27 of 3rd period - Eric Robinson is hit by Mikko Vainonen and loses puck.
3:35 of 3rd period - Jakub Zboril is hit by William Karlsson.
3:48 of 3rd period - Icing by Alexandre Grenier.
3:49 of 3rd period - Angelo Esposito wins face-off versus Victor Olofsson in Wolfes zone.
4:32 of 3rd period - Wrist shot by William Karlsson.
4:32 of 3rd period - Shot Misses the Net.
4:34 of 3rd period - Wrist shot by William Karlsson.
4:34 of 3rd period - Stopped by Laurent Brossoit without a rebound.
4:35 of 3rd period - Martin Hanzal wins face-off versus William Karlsson in Wolfes zone.
4:40 of 3rd period - Snap shot by Martin Hanzal.
4:40 of 3rd period - Shot Blocked by Jesper Pettersson.
4:42 of 3rd period - Snap shot by Martin Hanzal.
4:42 of 3rd period - Shot Misses the Net.
4:44 of 3rd period - Snap shot by Max Friberg.
4:44 of 3rd period - Deflect By Dany Roussin.
4:44 of 3rd period - Shot Misses the Net.
4:44 of 3rd period - Puck is out of play.
4:45 of 3rd period - William Karlsson wins face-off versus Martin Hanzal in Thunder zone.
5:36 of 3rd period - Off-side.
5:37 of 3rd period - Brayden Point wins face-off versus Sebastian Aho in neutral zone.
5:46 of 3rd period - Austin Poganski is hit by Anton Lindholm and loses puck.
6:03 of 3rd period - Mikko Vainonen is hit by Matthew Highmore and loses puck.
6:14 of 3rd period - Snap shot by Victor Olofsson.
6:14 of 3rd period - Shot Misses the Net.
6:28 of 3rd period - Austin Poganski is hit by Anton Karlsson and loses puck.
6:49 of 3rd period - Ryan Graves is hit by Lawson Crouse and loses puck.
6:59 of 3rd period - Gianluca Curcuruto is hit by Max Friberg and loses puck.
7:26 of 3rd period - Minor Penalty to Mackenze Stewart for Hooking.
7:27 of 3rd period - William Karlsson wins face-off versus Martin Hanzal in Thunder zone.
9:26 of 3rd period - Penalty to Mackenze Stewart is over, Mackenze Stewart is back on ice.
9:37 of 3rd period - Brayden Point is hit by Joe Morrow and loses puck.
9:44 of 3rd period - Jesper Pettersson is hit by Victor Olofsson and loses puck.
10:24 of 3rd period - Damon Severson is hit by Angelo Esposito and loses puck.
10:52 of 3rd period - Jamie McGinn is hit by Lawson Crouse and loses puck.
11:39 of 3rd period - Alexandre Grenier is hit by Brayden Point and loses puck.
11:50 of 3rd period - Blake Pietila is hit by Nikolay Prokhorkin.
12:25 of 3rd period - Alexandre Grenier is hit by William Karlsson and loses puck.
12:56 of 3rd period - Trevor Lewis is hit by Louis Belpedio and loses puck.
13:09 of 3rd period - Eric Robinson is hit by Brayden Point and loses puck.
13:22 of 3rd period - Roman Josi is hit by Anton Lindholm and loses puck.
13:35 of 3rd period - Wrist shot by Alexandre Grenier.
13:35 of 3rd period - Stopped by Sergei Kostenko with a rebound.
13:49 of 3rd period - Jamie McGinn is hit by Anton Karlsson and loses puck.
14:20 of 3rd period - Joe Morrow is hit by Artturi Lehkonen and loses puck.
14:47 of 3rd period - Snap shot by Nikolay Prokhorkin.
14:47 of 3rd period - Shot Misses the Net.
14:49 of 3rd period - Slapshot by Mikko Vainonen.
14:49 of 3rd period - Stopped by Laurent Brossoit without a rebound.
14:50 of 3rd period - Martin Hanzal wins face-off versus Trevor Lewis in Wolfes zone.
14:57 of 3rd period - Snap shot by Trevor Lewis.
14:57 of 3rd period - Shot Blocked by Anton Lindholm.
15:20 of 3rd period - Slapshot by Sebastian Aho.
15:20 of 3rd period - Stopped by Sergei Kostenko without a rebound.
15:21 of 3rd period - Sebastian Aho wins face-off versus Angelo Esposito in Thunder zone.
15:34 of 3rd period - Wrist shot by Nikolay Prokhorkin.
15:34 of 3rd period - Shot Misses the Net.
15:36 of 3rd period - Snap shot by Nikolay Prokhorkin.
15:36 of 3rd period - Stopped by Laurent Brossoit without a rebound.
15:37 of 3rd period - William Karlsson wins face-off versus Martin Hanzal in Wolfes zone.
15:44 of 3rd period - Wrist shot by Dany Roussin.
15:44 of 3rd period - Shot Misses the Net.
16:02 of 3rd period - Austin Poganski is hit by Damon Severson and loses puck.
17:09 of 3rd period - Snap shot by Martin Hanzal.
17:09 of 3rd period - Stopped by Sergei Kostenko without a rebound.
17:10 of 3rd period - Trevor Lewis wins face-off versus Sebastian Aho in Thunder zone.
17:10 of 3rd period - Trevor Lewis is hit by Sebastian Aho.
17:13 of 3rd period - Minor Penalty to Trevor Lewis for Hooking.
17:14 of 3rd period - Martin Hanzal wins face-off versus William Karlsson in Thunder zone.
19:13 of 3rd period - Penalty to Trevor Lewis is over, Trevor Lewis is back on ice.
19:20 of 3rd period - Jesper Pettersson is hit by Benn Ferriero and loses puck.
19:35 of 3rd period - Snap shot by Matthew Highmore.
19:35 of 3rd period - Shot Misses the Net.
19:37 of 3rd period - Wrist shot by Victor Olofsson.
19:37 of 3rd period - Stopped by Sergei Kostenko with a rebound.
19:39 of 3rd period - Wrist shot by Eric Robinson.
19:39 of 3rd period - Stopped by Sergei Kostenko with a rebound.
19:41 of 3rd period - Backhand shot by Victor Olofsson.
19:41 of 3rd period - Deflect By Jesper Pettersson.
19:41 of 3rd period - Shot Misses the Net.
19:41 of 3rd period - Puck is out of play.
19:42 of 3rd period - Matthew Highmore wins face-off versus Trevor Lewis in Thunder zone.
Goals for this period are 0 for Thunder vs 2 for Wolfes.
Shots for this period are 3 for Thunder vs 8 for Wolfes.